 Dungeon Crawl Stone Soup version 0.23.1 (webtiles) character file.

Game seed: 3125395783924578703

6876 PentaManta the Slinger (level 11, -10/64 HPs)
             Began as a Halfling Hunter on Mar 13, 2019.
             Was an Elder of Okawaru.
             Mangled by a hornet (14 damage)
             ... while paralysed by a hornet
             ... on level 10 of the Dungeon.
             The game lasted 00:47:38 (12309 turns).

PentaManta the Slinger (Halfling Hunter)           Turns: 12309, Time: 00:47:39

Health: -10/64     AC: 11    Str: 16    XL:     11   Next: 26%
Magic:  9/11       EV:  3    Int:  9    God:    Okawaru [****..]
Gold:   691        SH:  0    Dex: 16    Spells: 10/10 levels left

rFire    . . .     SeeInvis .   K - +3 dagger (freeze)
rCold    + . .     Gourm    .   (shield restricted)
rNeg     . . .     Faith    .   M - +0 troll leather armour
rPois    +         Spirit   .   (no helmet)
rElec    .         Reflect  .   (no cloak)
rCorr    .         Harm     .   N - +1 pair of gloves
MR       +....                  m - +1 pair of boots
Stlth    ++++++....             (no amulet)
HPRegen  0.60/turn              E - ring "Ziecrivun" {rC+ MR+}
MPRegen  0.12/turn              c - ring of poison resistance

@: paralysed, heroism
A: small, mutation resistance 1
a: Heroism, Renounce Religion


You were on level 10 of the Dungeon.
You worshipped Okawaru.
Okawaru was greatly pleased with you.
You were not hungry.

You visited 2 branches of the dungeon, and saw 11 of its levels.
You also visited: Ossuary.

You collected 817 gold pieces.
You spent 126 gold pieces at shops.

Inventory:

Hand Weapons
 a - a +1 hunting sling
 l - a +0 rapier
 y - a +2 short sword of venom
 I - a +0 blowgun
 K - a +3 dagger of freezing (weapon)
Missiles
 d - 31 sling bullets
 e - 132 stones (quivered)
 C - 54 poisoned needles
Armour
 m - a +1 pair of boots (worn)
 B - a +0 shield
 M - a +0 troll leather armour (worn)
 N - a +1 pair of gloves (worn)
Jewellery
 c - a ring of poison resistance (right hand)
 E - the ring "Ziecrivun" (left hand) {rC+ MR+}
   (You found it on level 6 of the Dungeon)

   [ring of protection from cold]

   It protects you from cold.
   It affects your resistance to hostile enchantments.
Wands
 g - a wand of disintegration (9)
 q - a wand of random effects (14)
 r - a wand of flame (48)
 A - a wand of digging (5)
 F - a wand of paralysis (7)
Scrolls
 b - 2 scrolls of amnesia
 h - 4 scrolls of enchant armour
 i - 2 scrolls of blinking
 k - 2 scrolls of teleportation
 n - 4 scrolls of remove curse
 t - a scroll of magic mapping
 u - a scroll of fear
 v - 5 scrolls of identify
Potions
 j - 5 potions of curing
 o - a potion of resistance
 p - 3 potions of agility
 s - 6 potions of brilliance
 w - a potion of magic
 x - 5 potions of lignification
 z - 2 potions of might
 D - 2 potions of heal wounds {unknown}
 G - a potion of berserk rage
 H - 2 potions of haste
 J - 3 potions of flight
Miscellaneous
 O - a lamp of fire
Comestibles
 f - 7 rations
 L - 3 chunks of flesh


   Skills:
 - Level 1.7(6.7) Fighting
 - Level 12.1(17.1) Slings
 + Level 8.0(13.0) Armour
 * Level 10.4(15.4) Dodging
 - Level 10.3(15.3) Stealth


You had 10 spell levels left.
You didn't know any spells.
Your spell library contained the following spells:

 Spells                   Type           Power        Failure   Level  Hunger
 Apportation              Tloc           #.....       43%         1    ##.....
 Sting                    Conj/Pois      #...         43%         1    ##.....
 Summon Butterflies       Summ           #.......     43%         1    ##.....
 Poisonous Vapours        Pois/Air       #.....       56%         2    ###....
 Lesser Beckoning         Tloc           #.........   80%         3    ####...
 Mephitic Cloud           Conj/Pois/Air  #.......     80%         3    ####...
 Tukima's Dance           Hex            #.......     80%         3    ####...
 Olgreb's Toxic Radiance  Pois           #.......     99%         4    #####..
 Alistair's Intoxication  Tmut/Pois      #.......     100%        5    ######.
 Venom Bolt               Conj/Pois      #.........   100%        5    ######.
 Invisibility             Hex            #.......     100%        6    #######


Dungeon Overview and Level Annotations

Branches:
Dungeon (10/15)            Temple (1/1) D:6            Lair (0/6) D:9
    Orc (0/2) D:9

Altars:
Ashenzari
Cheibriados
Dithmenos
Elyvilon
Fedhas
Hepliaklqana
Kikubaaqudgha
Makhleb
Nemelex Xobeh
Okawaru
Qazlal
Ru
Sif Muna
Trog
Uskayaw
Vehumet
Wu Jian
Xom
Yredelemnul
Zin
The Shining One

Shops:
D:6 *   D:10 =

Annotations:
D:6 1 runed translucent door, Cykl0x's ghost, novice MiFi
D:7 Harold


Innate Abilities, Weirdness & Mutations

You are small and have problems with some larger weapons.
You are somewhat resistant to further mutation.


Message History

The hornet misses you.
You hit the hornet but do no damage.
The hornet is heavily wounded.
The hornet misses you.
Press: ? - help, v - describe, . - travel
Here: a hornet (heavily wounded)
The floor, spattered with blood.
Evoke which item? (* to show all) (? for menu, Esc to quit)
Okay, then.
Press: ? - help, v - describe, . - travel
Here: a hornet (heavily wounded)
The floor, spattered with blood.
Evoke which item? (* to show all) (? for menu, Esc to quit)
Aiming: Paralyse
Press: ? - help, Shift-Dir - straight line, f/p - hornet
Aim: a hornet (heavily wounded, chance to defeat MR: 37%)
The hornet easily resists.
The hornet stings you!
* * * LOW HITPOINT WARNING * * *
You suddenly lose the ability to move!
The hornet stings you!
You die...

.#########.#
...........###### ##
.########........ .#
.###...)......... .#
.......))..#####. .####
.###.####..# ....
.###.####..# ..#
...........#######..#####
.###.####.##....@yo......
..........#...####(.#####
#######.......# .(#
#..##...# .(# #..######
.(# #..# #..# # #..# #...
## #..# #.##
.######.##########.###


You could see a hornet and an orc.

Vanquished Creatures
  Pikel (Temple)
  Joseph (D:7)
  Maurice (D:8)
  2 trolls (D:10)
  A hippogriff (D:10)
  A wyvern (D:8)
  A yak (D:10)
  Grum (D:8)
  A hungry ghost (D:8)
  2 black bears
  2 orc warriors (D:10)
  A sky beast (D:10)
  5 ogres
  3 phantoms
  3 ice beasts
  2 wolves (D:8)
  4 centaurs
  2 big kobolds
  5 bullfrogs
  A wyvern zombie (D:8)
  2 scorpions
  9 wights
  A howler monkey (D:3)
  4 crimson imps
  4 orc priests
  2 bullfrog skeletons
  2 centaur skeletons
  3 hounds (D:8)
  9 orc wizards
  Ijyb (D:5)
  2 iguanas
  8 worker ants
  A hound skeleton (D:9)
  8 mummies (Ossuary)
  3 worker ant zombies
  9 gnolls
  A howler monkey skeleton (D:10)
  9 adders
  5 shadow imps
  An ooze (D:2)
  9 worms
  4 dart slugs
  5 leopard geckos
  29 orcs
  6 giant cockroaches
  A gnoll zombie (Ossuary)
  8 goblins
  9 hobgoblins
  12 jackals
  21 kobolds
  A quokka (D:2)
  5 ball pythons
  5 bats
  A frilled lizard (D:4)
  2 goblin skeletons (D:5)
  2 goblin zombies (D:5)
  4 hobgoblin zombies
  A kobold skeleton (D:5)
  5 kobold zombies
  2 orc skeletons (D:5)
  3 orc zombies
  A quokka zombie (D:5)
  8 rats
  2 butterflies (D:2)
270 creatures vanquished.

Vanquished Creatures (others)
  A centaur skeleton (D:6)
  2 fungi
  A plant (D:9)
4 creatures vanquished.

Grand Total: 274 creatures vanquished

Notes
Turn   | Place    | Note
-------+----------+-------------------------------------------
     0 | D:1      | PentaManta the Halfling Hunter began the quest for the Orb.
     0 | D:1      | Reached XP level 1. HP: 14/14 MP: 1/1
    67 | D:1      | Reached skill level 6 in Slings
   248 | D:1      | Reached XP level 2. HP: 19/19 MP: 2/2
   547 | D:1      | Reached XP level 3. HP: 24/24 MP: 3/3
   955 | D:2      | Found a basalt altar of Yredelemnul.
   962 | D:2      | Reached skill level 7 in Slings
  1090 | D:2      | Found a shimmering altar of Xom.
  1171 | D:2      | Reached XP level 4. HP: 29/29 MP: 4/4
  1513 | D:2      | Found a sparkling altar of Nemelex Xobeh.
  1776 | D:2      | Reached XP level 5. HP: 26/34 MP: 5/5
  1781 | D:2      | Reached skill level 8 in Slings
  2258 | D:3      | Reached XP level 6. HP: 39/39 MP: 6/6
  2458 | D:3      | Found a blossoming altar of Fedhas.
  2616 | D:3      | Reached skill level 9 in Slings
  3317 | D:4      | Found a sparkling altar of Nemelex Xobeh.
  3794 | D:4      | Noticed an ogre
  3803 | D:4      | Reached XP level 7. HP: 44/44 MP: 7/7
  3840 | D:4      | Reached skill level 10 in Slings
  3887 | D:4      | Found an iron altar of Okawaru.
  3901 | D:4      | Became a worshipper of Warmaster Okawaru
  3929 | D:4      | Reached skill level 5 in Stealth
  4116 | D:4      | Found an ornate altar of the Wu Jian Council.
  4623 | D:4      | Reached skill level 11 in Slings
  4714 | D:4      | Reached XP level 8. HP: 49/49 MP: 8/8
  4779 | D:4      | You fall through a shaft!
  4779 | D:5      | Entered Level 5 of the Dungeon
  5037 | D:5      | Noticed Ijyb
  5052 | D:5      | Killed Ijyb
  5255 | D:5      | Found a glowing golden altar of the Shining One.
  5796 | D:5      | Reached * piety under Okawaru
  6108 | D:6      | Reached skill level 12 in Slings
  6175 | D:6      | Found a staircase to the Ecumenical Temple.
  6189 | D:6      | Noticed Pikel
  6220 | Temple   | Entered the Ecumenical Temple
  6227 | Temple   | HP: 2/49 [Pikel/+2 whip of electrocution (5)]
  6232 | Temple   | Killed Pikel
  6232 | Temple   | Reached ** piety under Okawaru
  6232 | Temple   | Reached XP level 9. HP: 3/54 MP: 6/9
  6670 | D:6      | Found a bloodstained altar of Trog.
  6710 | D:6      | Found Kaetoepn's Assorted Antiques.
  6723 | D:6      | Got a sparkling turquoise ring
  6731 | D:6      | Bought a brass wand for 88 gold pieces
  6731 | D:6      | Bought a glowing puce potion for 19 gold pieces
  6731 | D:6      | Bought a red potion for 19 gold pieces
  6739 | D:6      | Found a sand-covered staircase.
  6744 | Ossuary  | Entered an ossuary
  6745 | Ossuary  | Identified the ring "Ziecrivun" {rC+ MR+} (You found it on
                  | level 6 of the Dungeon)
  7452 | D:6      | Found a runed translucent door.
  7499 | D:6      | Noticed Cykl0x's ghost (novice MiFi)
  8398 | D:7      | Noticed Joseph
  8422 | D:7      | Killed Joseph
  8422 | D:7      | Reached skill level 5 in Dodging
  8814 | D:7      | Noticed Harold
  9090 | D:9      | Noticed a troll
  9148 | D:8      | Reached XP level 10. HP: 56/60 MP: 10/10
  9160 | D:8      | Reached *** piety under Okawaru
  9160 | D:8      | Reached skill level 10 in Stealth
  9174 | D:8      | Noticed Grum
  9475 | D:8      | Reached skill level 5 in Armour
  9632 | D:8      | Found a sacrificial altar of Ru.
  9662 | D:8      | Found a deep blue altar of Sif Muna.
  9922 | D:8      | Killed Grum
 10084 | D:8      | Noticed Maurice
 10125 | D:8      | Killed Maurice
 10125 | D:8      | Reached **** piety under Okawaru
 11057 | D:9      | Found a staircase to the Orcish Mines.
 11100 | D:9      | Received a gift from Okawaru
 11230 | D:9      | Found a staircase to the Lair.
 11246 | D:10     | Entered Level 10 of the Dungeon
 11440 | D:10     | Received a gift from Okawaru
 11500 | D:10     | Reached XP level 11. HP: 64/64 MP: 11/11
 12107 | D:10     | Reached skill level 10 in Dodging
 12175 | D:10     | Found Zuabyre's Jewellery Shop.
 12309 | D:10     | Paralysed by a hornet for 2 turns
 12309 | D:10     | Mangled by a hornet

Skill      XL: |  1  2  3  4  5  6  7  8  9 10 11 |
---------------+----------------------------------+-----
Slings         | 6 7 8 9 11 12 | 12.1
Stealth        | 2 3 4 5 7 9 10 | 10.3
Armour         | 2 4 7 8 |  8.0
Dodging        | 3 5 9 10 | 10.4
Fighting       | |  1.7

Action                   |  1- 3 |  4- 6 |  7- 9 | 10-12 || total
-------------------------+-------+-------+-------+-------++-------
Melee: Short sword       |       |       |     2 |   104 ||   106
       Rapier            |       |       |       |    32 ||    32
       Punch             |       |       |       |     1 ||     1
       Dagger            |       |       |       |     5 ||     5
 Fire: Hunting sling     |   135 |   208 |   584 |   527 ||  1454
Invok: Heroism           |       |       |     1 |     7 ||     8
Evoke: Wand              |       |       |       |     1 ||     1
  Use: Scroll            |       |     9 |     6 |     7 ||    22
       Potion            |       |     2 |       |     4 ||     6
 Stab: Sleeping          |       |       |       |     5 ||     5
  Eat: Chunk             |       |     5 |     5 |     8 ||    18
       Ration            |       |     1 |     3 |     1 ||     5
Armor: Leather armour    |     6 |    10 |       |       ||    16
       Scale mail        |       |     4 |    39 |   105 ||   148
       Skin              |       |       |       |     8 ||     8
       Troll leather arm |       |       |       |    18 ||    18
Dodge: Dodged            |    10 |    31 |   102 |   337 ||   480
